 Dungeon Crawl Stone Soup version 0.17-a0-1900-g45e8110 (webtiles) character file.

3700 horredgrones the Martial Artist (level 10, -17/67 HPs)
             Began as an Octopode Transmuter on Sept 24, 2015.
             Was a Priest of Okawaru.
             Demolished by a guardian serpent (23 damage)
             ... on level 9 of the Dungeon.
             The game lasted 00:46:39 (11841 turns).

horredgrones the Martial Artist (OpTm)             Turns: 11841, Time: 00:46:39

Health: -17/67     AC:  1    Str: 10    XL:     10   Next: 13%
Magic:  10/13      EV: 15    Int: 16    God:    Okawaru [***...]
Gold:   397        SH:  0    Dex: 20    Spells: 5 memorised, 1 level left

rFire  . . .     SeeInvis .       - Unarmed
rCold  . . .     Clarity  +     (no shield)
rNeg   + . .     SustAt   .     (helmet restricted)
rPois  .         Gourm    .     y - amulet of clarity
rElec  .         Spirit   .     p - +5 ring of dexterity
rCorr  .         Warding  .     o - ring of protection from magic
rMut   .         Stasis   .     g - ring of stealth
MR     +....                    n - ring of positive energy
Stlth  ++++......               (no ring)
                                (no ring)
                                (no ring)
                                (no ring)

@: about to teleport, somewhat resistant to hostile enchantments, stealthy
A: almost no armour, amphibious, 8 rings, constrict 8, camouflage 1, gelatinous
body 1
a: Heroism, Renounce Religion


You were on level 9 of the Dungeon.
You worshipped Okawaru.
Okawaru was most pleased with you.
You were hungry.

You visited 2 branches of the dungeon, and saw 10 of its levels.

You collected 397 gold pieces.

Inventory:

Hand weapons
 E - a +3 short sword of venom
Missiles
 a - 96 arrows
 k - 8 needles of frenzy
 z - 7 needles of paralysis
 A - 5 arrows of frost
 D - 2 tomahawks of dispersal
 G - 6 poisoned javelins (quivered)
 J - 20 poisoned needles
Jewellery
 g - a ring of stealth (on tentacle)
 n - a ring of positive energy (on tentacle)
 o - a ring of protection from magic (right tentacle)
 p - a +5 ring of dexterity (left tentacle)
 t - an uncursed ring of ice
 v - an uncursed ring of fire
 y - an amulet of clarity (around mantle)
Magical devices
 s - a wand of cold (0)
 u - a wand of lightning (10)
 K - a wand of random effects (30)
 L - a wand of cold (3)
 N - a wand of frost (23)
Scrolls
 d - 4 scrolls of remove curse
 i - a scroll of immolation
 q - 2 scrolls of teleportation
 x - a scroll of identify
 I - a scroll of fog
Potions
 e - a potion of magic
 f - 4 potions of agility
 m - 2 potions of brilliance
 C - 2 potions of cure mutation
 H - a potion of might {unknown}
Books
 b - a book of Changes

   Spells                             Type                      Level
   a - Beastly Appendage              Transmutation                1
   b - Sticks to Snakes               Transmutation                2
   c - Spider Form                    Transmutation/Poison         3
   d - Ice Form                       Ice/Transmutation            4
   e - Blade Hands                    Transmutation                5
 r - a book of Spatial Translocations

   Spells                             Type                      Level
   a - Apportation                    Translocation                1
   b - Blink                          Translocation                2
   c - Shroud of Golubria             Charms/Translocation         2
   d - Portal Projectile              Translocation                3
   e - Teleport Other                 Translocation                3
   f - Passage of Golubria            Translocation                4
Comestibles
 c - 6 bread rations
 h - 4 beef jerkies
 j - 6 meat rations
 w - 2 slices of pizza
 B - 7 chunks of flesh
 F - 3 fruits


   Skills:
 - Level 5.6 Fighting
 - Level 2.5 Throwing
 - Level 3.9 Dodging
 - Level 1.1 Stealth
 - Level 9.7 Unarmed Combat
 - Level 2.0 Spellcasting
 - Level 2.2 Translocations
 - Level 6.6 Transmutations
 * Level 2.6 Ice Magic
 - Level 1.4 Poison Magic
 - Level 2.4 Invocations


You had one spell level left.
You knew the following spells:

 Your Spells              Type           Power        Failure   Level  Hunger
a - Beastly Appendage     Trmt           ###...       1%          1    #......
b - Sticks to Snakes      Trmt           ###.......   1%          2    ###....
c - Spider Form           Trmt/Pois      ##........   12%         3    ###....
d - Blink                 Tloc           N/A          14%         2    ###....
e - Ice Form              Ice/Trmt       ###.....     34%         4    #####..


Dungeon Overview and Level Annotations

Branches:
Dungeon (9/15)             Temple (0/1) D:6            Lair (1/8) D:8
    Orc: D:9-12

Altars:
Okawaru
Sif Muna
Trog


Innate Abilities, Weirdness & Mutations

You cannot wear most types of armour.
You are amphibious.
You can wear up to eight rings at the same time.
You can use your tentacles to constrict eight enemies at once.
Your skin changes colour to match your surroundings (Stealth).
Your rubbery body absorbs attacks (AC +1).


Message History

You feel sick.
Read which item? (? for menu, Esc to quit)
You can't read that!
Read which item? (? for menu, Esc to quit)
As you read the scroll of teleportation, it crumbles to dust.
You feel strangely unstable.
You feel sick. The guardian serpent barely misses you.
Your adder closely misses the guardian serpent.
The guardian serpent casts a spell at you.
The bolt of poison hits you!
You are more poisoned.
* * * LOW HITPOINT WARNING * * *
Drink which item? (? for menu, Esc to quit)
You feel better.
Your adder bites the guardian serpent but does no damage.
The guardian serpent hits you!
* * * LOW HITPOINT WARNING * * *
Your adder closely misses the guardian serpent.
The guardian serpent hits you!!
You die...

+.... +....+...'.+
#....##+##+##....#..####
.................#..#####
.................+...+..+
...........รท.....###.##.#
....#+#...####'#...#.##.######
....'.'...+....+...'.........+
....#.#...#.##+#.SS#+##..###+#
#+###.#...#<#...@###.##..#
+...+...+.+....'.......+
###.#...#.#....###+#####
#####.#...#.#......#
#.....#...+.#....<.#
+.....'...#........+
#######...#........#
########...#########
.......'...#


You could see a guardian serpent and a friendly adder.

Vanquished Creatures
  A hungry ghost (D:7)
  A wyvern (D:8)
  Menkaure (D:6)
  2 sky beasts
  An orc warrior (D:8)
  2 necrophages
  A black bear (D:6)
  An ice beast (D:6)
  3 phantoms
  An ogre (D:3)
  3 centaurs
  A crocodile (D:8)
  4 giant frogs
  A water moccasin skeleton (D:4)
  4 killer bees
  A scorpion (D:6)
  An oklob sapling (D:6)
  A centaur zombie (D:8)
  A giant frog zombie (D:5)
  A wasp zombie (D:8)
  3 crimson imps (D:8)
  A jelly (D:8)
  4 hounds
  3 orc priests
  8 orc wizards
  4 worker ants (D:4)
  4 iguanas
  A hound zombie (D:8)
  A worker ant zombie (D:5)
  Robin (D:2)
  6 gnolls
  7 adders
  4 shadow imps
  An ooze (D:1)
  An adder skeleton (D:6)
  2 worms
  2 giant geckos
  35 orcs
  9 bats
  9 giant cockroaches
  13 goblins
  10 hobgoblins
  18 jackals
  2 quokkas
  2 ball pythons
  A ball python skeleton (D:4)
  A giant gecko skeleton (D:4)
  5 giant newts
  2 jackal skeletons
  10 kobolds
  A quokka skeleton (D:8)
  7 rats
  A plant (D:6)
211 creatures vanquished.

Vanquished Creatures (collateral kills)
  An ogre (D:6)
  3 killer bees
  An orc priest (D:3)
  An iguana (D:5)
  A worker ant (D:5)
  2 orcs
  A bat (D:2)
10 creatures vanquished.

Vanquished Creatures (others)
  A plant (D:6)
1 creature vanquished.

Grand Total: 222 creatures vanquished

Notes
Turn   | Place    | Note
--------------------------------------------------------------
     0 | D:1      | horredgrones the Octopode Transmuter began the quest for the Orb.
     0 | D:1      | Reached XP level 1. HP: 13/13 MP: 3/3
   139 | D:1      | Reached XP level 2. HP: 18/18 MP: 5/5
   143 | D:1      | Learned a level 2 spell: Sticks to Snakes
   400 | D:1      | Reached skill level 1 in Stealth
   672 | D:1      | Reached XP level 3. HP: 20/23 MP: 6/6
  1710 | D:2      | Reached XP level 4. HP: 17/28 MP: 7/7
  2080 | D:2      | Noticed Robin
  2106 | D:2      | Reached skill level 4 in Unarmed Combat
  2512 | D:2      | Killed Robin
  2811 | D:2      | Learned a level 3 spell: Spider Form
  3220 | D:2      | Reached XP level 5. HP: 18/33 MP: 2/8
  3613 | D:3      | You fall through a shaft!
  3644 | D:4      | Reached skill level 5 in Unarmed Combat
  3861 | D:3      | Reached XP level 6. HP: 23/38 MP: 9/9
  4351 | D:3      | Found an iron altar of Okawaru.
  4538 | D:3      | Noticed an ogre
  4549 | D:3      | Killed an ogre
  4792 | D:3      | Became a worshipper of Warmaster Okawaru
  5253 | D:4      | Reached skill level 1 in Invocations
  5255 | D:4      | Reached XP level 7. HP: 35/46 MP: 10/10
  5659 | D:4      | You fall through a shaft for 3 floors!
  5734 | D:5      | Entered Level 5 of the Dungeon
  6249 | D:5      | Reached skill level 6 in Unarmed Combat
  6776 | D:5      | Reached XP level 8. HP: 49/51 MP: 11/11
  7261 | D:5      | Acquired Okawaru's first power
  7261 | D:5      | Reached skill level 5 in Fighting
  7870 | D:6      | Found a bloodstained altar of Trog.
  7944 | D:6      | Reached skill level 7 in Unarmed Combat
  8144 | D:6      | Noticed Menkaure
  8157 | D:6      | Killed Menkaure
  8572 | D:6      | Found a staircase to the Ecumenical Temple.
  8657 | D:6      | Reached skill level 8 in Unarmed Combat
  8657 | D:6      | Reached skill level 5 in Transmutations
  8657 | D:6      | Reached XP level 9. HP: 42/61 MP: 12/12
  8796 | D:7      | Noticed a hungry ghost
  8809 | D:7      | Killed a hungry ghost
  9067 | D:7      | Reached skill level 1 in Poison Magic
  9223 | D:7      | Found a deep blue altar of Sif Muna.
  9623 | D:7      | Learned a level 2 spell: Blink
  9687 | D:8      | Reached skill level 9 in Unarmed Combat
  9712 | D:8      | Reached skill level 1 in Translocations
 10657 | D:8      | Received a gift from Okawaru
 10670 | D:8      | Learned a level 4 spell: Ice Form
 10892 | D:8      | Reached skill level 1 in Throwing
 10962 | D:8      | Found a staircase to the Lair.
 11031 | D:8      | Reached XP level 10. HP: 64/66 MP: 11/13
 11200 | D:8      | Reached skill level 1 in Ice Magic
 11657 | Lair:1   | Entered Level 1 of the Lair of Beasts
 11657 | Lair:1   | Noticed a four-headed hydra
 11826 | D:9      | Noticed a guardian serpent
 11841 | D:9      | Demolished by a guardian serpent

Vault maps used:
D:1:      roderic_crop_circles_arrival_small
D:2:      kennysheep_crisscross, uniq_robin
D:3:      nicolae_overflow_crystal_walls
D:4:      first_bread
D:6:      lemuel_coloured_pillars_altar, minmay_temple_entry_oklob,
          uniq_menkaure
D:7:      lemuel_crystal_altar
D:8:      lair_0_dummy
D:9:      nrook_guardian_serpent_snake_passage, grunt_pizzeria

Action                   |  1- 3 |  4- 6 |  7- 9 | 10-12 || total
-------------------------+-------+-------+-------+-------++-------
Melee: Unarmed           |    75 |   134 |   321 |    37 ||   567
Throw: Javelin           |       |       |     2 |     3 ||     5
       Tomahawk          |       |       |     1 |       ||     1
 Cast: Beastly Appendage |     2 |    18 |    38 |     4 ||    62
       Sticks to Snakes  |     2 |     3 |    27 |     2 ||    34
       Spider Form       |       |       |     1 |       ||     1
Invok: Heroism           |       |       |     1 |       ||     1
Evoke: Wand              |       |       |     3 |       ||     3
  Use: Scroll            |     2 |     7 |     7 |     1 ||    17
       Potion            |       |       |     7 |     1 ||     8
 Stab: Sleeping          |    13 |    12 |    10 |     1 ||    36
       Distracted        |       |     1 |     2 |     1 ||     4
  Eat: Chunk             |     3 |    11 |    24 |     2 ||    40
